Map: Invader LE

Players

Gracz

  • Race: Zerg Zerg
  • League: Bronze

ZKEY - Winner!

  • Race: Terran Terran
  • League: Bronze

VOD

Have the link to the VOD?

Description

Time

  • Played on: May 8, 2016, 12:52 p.m.
  • Length: 36:03
Show
View Real Time Build Order
Export as new Build Order

Gracz Zerg 

Build Orders: Pool First, Lurkers, Muta Ling Bane 

Get SALT Encoding   

  12  0:10  Drone x2  
  14  0:26  Overlord  
  14  0:38  Spawning Pool  
  14  0:42  Extractor, Drone  
  13  1:20  Hatchery  
  12  1:34  Zergling x6  
  14  2:59  Queen  
  14  3:01  Drone x2  
  18  3:11  Extractor  
  17  3:13  Drone x3  
  20  3:30  Queen  
  20  3:32  Drone  
  23  3:51  Lair  
  23  4:03  Drone x2  
  23  4:04  Metabolic Boost, Drone  
  23  4:06  Burrow  
  26  4:17  Drone  
  27  4:55  Roach Warren  
  26  5:01  Drone x2  
  26  5:02  Overlord x3  
  26  5:03  Baneling Nest  
  27  5:17  Spine Crawler  
  26  5:30  Queen  
  26  5:32  Queen  
  30  5:47  Evolution Chamber  
  29  6:05  Queen  
  29  6:08  Queen  
  33  6:41  Queen  
  33  6:44  Queen  
  37  6:52  Zerg Ground Armor Level 1  
  37  7:07  Drone x3  
  37  7:08  Drone x2  
  42  7:15  Spire  
  41  8:04  Hydralisk Den  
  40  8:10  Infestation Pit  
  39  8:20  Drone  
  39  8:21  Drone x11  
  39  8:25  Overlord x2  
  39  8:26  Overlord  
  51  8:34  Zerg Flyer Weapons Level 1  
  51  8:47  Lurker Den  
  51  9:29  Neural Parasite  
  51  9:32  Tunneling Claws  
  51  9:37  Zerg Melee Weapons Level 1  
  51  9:41  Centrifical Hooks  
  51  9:48  Mutalisk x3  
  57  10:24  Hydralisk x4  
  65  10:31  Extractor  
  65  10:32  Extractor, Drone x4  
  65  10:33  Mutalisk  
  69  10:51  Glial Reconstitution  
  69  11:06  Mutalisk  
  71  11:34  Hatchery  
  70  11:46  Hydralisk x3  
  76  11:52  Overlord x3  
  76  12:19  Baneling  
  76  12:20  Baneling x3  
  76  12:24  Lurker x3  
  76  12:25  Lurker  
  80  12:35  Hydralisk x2  
  80  12:36  Hydralisk x2  
  89  12:51  Drone  
  89  12:52  Extractor  
  89  12:56  Extractor  
  87  13:23  Roach  
  87  13:24  Roach x8  
  87  13:27  Overlord x3  
  105  13:29  Overlord x2  
  105  13:34  Zergling x2  
  106  14:00  Lurker x4  
  110  14:23  Ravager x6  
  110  14:24  Ravager x3  
  119  14:34  Drone x2  
  121  14:38  Hive  
  121  15:26  Mutalisk  
  121  15:27  Mutalisk x3  
  127  16:26  Mutalisk x6  
  139  16:44  Ultralisk Cavern  
  138  16:47  Greater Spire  
  138  16:49  Mutalisk x3  
  138  16:53  Mutalisk  
  146  16:55  Overlord x3  
  146  17:17  Mutalisk x3  
  152  17:44  Mutalisk x2  
  156  18:10  Ultralisk x2  
  168  18:35  Hatchery  
  168  18:36  Mutalisk  
  168  18:40  Overlord x2  
  169  18:46  Spine Crawler  
  168  18:50  Spine Crawler  
  167  19:17  Chitinous Plating  
  167  19:20  Ultralisk x3  
  185  19:27  Overlord  
  185  19:28  Overlord x2  
  185  19:34  Pneumatized Carapace  
  185  19:57  Drone  
  186  20:12  Ultralisk x2  
  186  20:13  Mutalisk  
  200  20:27  Extractor  
  199  20:38  Extractor  
  199  20:41  Spine Crawler  
  199  20:42  Spine Crawler  
  196  20:45  Spine Crawler  
  196  20:48  Spine Crawler  
  194  21:49  Ultralisk  
  84  23:07  Mutalisk x7  
  84  23:08  Mutalisk x12  
  82  24:41  Mutalisk x9  
  72  25:48  Mutalisk  
  72  25:49  Mutalisk x3  
  78  26:00  Extractor  
  71  26:10  Hatchery  
  64  26:32  Mutalisk  
  66  26:46  Hatchery  
  65  26:52  Extractor  
  64  26:56  Extractor  
  53  27:57  Mutalisk  
  55  28:01  Drone  
  55  28:05  Drone  
  48  28:33  Roach  
  48  28:34  Roach x2  
  51  28:50  Zergling x8  
  25  30:06  Drone x3  
  28  30:41  Mutalisk x2  
  34  30:55  Drone  
  29  31:23  Spawning Pool  
  28  32:14  Lair  
  28  32:18  Drone  
  29  32:49  Drone  
  29  32:50  Drone  
  31  33:12  Drone x2  
  33  33:52  Mutalisk  
  33  33:53  Mutalisk x2  
  39  34:02  Drone  
  40  35:01  Spire  
Show
View Real Time Build Order
Export as new Build Order

ZKEY Terran - Winner!

Build Orders:  

Get SALT Encoding   

  12  0:04  SCV  
  13  0:17  Supply Depot  
  13  0:19  SCV  
  14  0:31  SCV  
  15  0:43  Supply Depot  
  15  0:55  Barracks  
  15  1:02  SCV  
  16  1:06  Supply Depot  
  16  1:14  SCV  
  16  1:16  Refinery  
  17  1:27  SCV  
  17  1:30  Engineering Bay  
  18  1:44  SCV  
  19  1:50  Refinery  
  19  1:52  Marine  
  20  1:58  Barracks  
  20  2:10  Orbital Command  
  20  2:32  Marine, Sensor Tower  
  21  2:50  Marine  
  22  2:52  Barracks Reactor  
  22  2:59  Missile Turret  
  22  3:05  SCV  
  22  3:12  Marine  
  24  3:19  Factory  
  24  3:22  Missile Turret  
  24  3:37  Barracks Tech Lab  
  24  3:42  Missile Turret  
  24  3:43  Marine x2  
  26  4:01  Marine x2  
  28  4:05  SCV  
  28  4:06  Command Center  
  29  4:12  Factory Tech Lab  
  29  4:18  SCV  
  29  4:19  Missile Turret  
  30  4:30  Missile Turret  
  30  4:39  Missile Turret  
  30  4:41  SCV  
  31  4:50  Missile Turret  
  31  4:54  SCV  
  31  4:56  Marine  
  31  4:57  Marine x2  
  35  5:09  Missile Turret  
  35  5:14  Marine  
  35  5:15  Marine x2  
  35  5:19  Siege Tank  
  41  5:28  SCV  
  42  5:32  Marine  
  42  5:34  Refinery  
  43  5:38  SCV  
  43  5:40  SCV  
  45  5:50  SCV  
  45  5:52  Missile Turret  
  46  5:57  Marine, Refinery  
  46  5:58  Missile Turret, Marine  
  46  5:59  Marine  
  49  6:07  Siege Tank  
  52  6:13  Missile Turret  
  52  6:31  Sensor Tower  
  52  6:40  Orbital Command  
  52  6:43  SCV  
  53  6:50  Missile Turret  
  53  6:53  Missile Turret  
  53  6:55  SCV  
  54  7:06  Starport  
  54  7:13  Missile Turret  
  54  7:46  Supply Depot, Starport Tech Lab  
  54  8:02  Missile Turret  
  54  8:07  Marine x3  
  54  8:08  Siege Tank, SCV  
  54  8:09  Supply Depot  
  61  8:15  Missile Turret  
  61  8:20  SCV  
  62  8:28  Missile Turret  
  62  8:30  Marine x3, SCV  
  62  8:32  SCV  
  67  8:38  Missile Turret  
  67  8:43  SCV  
  67  8:44  SCV  
  67  8:48  Marine, Supply Depot  
  70  9:07  Missile Turret  
  70  9:09  Marine x3, Viking, SCV  
  76  9:20  Supply Depot  
  76  9:27  Missile Turret, Marine x2, Supply Depot  
  78  9:42  Marine, Viking  
  78  9:44  Supply Depot  
  81  10:10  Factory  
  81  10:12  Medivac  
  83  10:19  Missile Turret  
  83  10:22  Refinery  
  83  10:31  Refinery  
  83  10:33  Marine x3  
  86  10:41  Missile Turret  
  86  10:42  Medivac  
  88  10:44  Command Center  
  88  10:49  Supply Depot  
  88  10:50  Marine  
  88  10:51  Marine x2  
  88  10:54  Terran Infantry Weapons Level 1  
  91  10:58  Combat Shields  
  91  11:08  Marine x2  
  91  11:09  Marine  
  94  11:12  Armory, Supply Depot, Viking  
  94  11:18  Factory Tech Lab  
  96  11:26  Marine x3  
  96  11:28  Siege Tank  
  102  11:40  Supply Depot  
  102  11:44  Marine  
  103  11:50  Siege Tank  
  106  12:00  Missile Turret, Siege Tank  
  109  12:02  Supply Depot  
  109  12:17  Stimpack  
  109  12:22  Siege Tank  
  112  12:23  Missile Turret  
  112  12:32  Hellion  
  114  12:48  Terran Infantry Armor Level 1, Sensor Tower  
  114  12:54  Hellion  
  116  13:07  Missile Turret  
  116  13:08  Planetary Fortress  
  116  13:15  Hellion  
  118  13:25  Missile Turret  
  118  13:26  Supply Depot  
  118  13:39  Command Center  
  118  13:49  Supply Depot  
  118  14:00  Thor  
  118  14:01  Thor  
  130  14:12  Missile Turret  
  130  14:18  Concussive Shells  
  130  14:25  Refinery  
  130  14:33  Missile Turret  
  130  14:34  Supply Depot  
  130  14:42  Hi-Sec Auto Tracking  
  130  14:43  Thor  
  130  14:44  Thor  
  142  14:48  Refinery  
  142  14:54  Planetary Fortress  
  142  14:57  Supply Depot  
  142  15:03  Missile Turret  
  142  15:07  Marine  
  142  15:08  Marine x2  
  145  15:17  Terran Vehicle Weapons Level 1  
  145  15:23  Missile Turret  
  145  15:25  Marine, Viking  
  145  15:26  Marine x2  
  150  15:39  Neosteel Frame  
  150  15:43  Marine x3  
  153  15:55  Viking  
  153  15:56  Drilling Claws  
  155  15:57  Infernal Pre-Igniter  
  155  16:01  Marine x3, Thor x2  
  170  16:16  Supply Depot  
  170  16:19  Marine  
  170  16:25  Viking  
  173  16:39  Supply Depot  
  173  16:55  Viking  
  173  16:58  Building Armor, Missile Turret  
  175  17:11  Terran Vehicle And Ship Armor Level 1, Supply Depot  
  175  17:15  Mag-Field Accelerator  
  175  17:18  Missile Turret  
  175  17:19  Thor x2  
  187  17:23  Marine x3  
  187  17:25  Viking  
  192  17:34  Sensor Tower  
  192  17:36  Starport  
  192  17:41  Marine x3  
  195  17:47  High Capacity Fuel Tanks  
  195  17:59  Marine x3  
  195  18:03  Command Center  
  198  18:06  Missile Turret  
  198  18:16  Marine  
  198  18:17  Marine  
  200  18:26  Missile Turret  
  200  18:37  Terran Infantry Weapons Level 2  
  200  18:43  Explosive Shrapnel Shells  
  200  19:06  Terran Ship Weapons Level 1  
  200  19:42  Planetary Fortress  
  200  19:54  Starport  
  200  19:56  Starport Reactor  
  200  20:02  Corvid Reactor  
  200  20:38  Starport Tech Lab  
  200  20:43  Fusion Core  
  200  20:53  Terran Infantry Armor Level 2  
  200  20:59  Terran Vehicle And Ship Armor Level 2  
  200  21:21  Cloaking Field  
  200  21:27  Sensor Tower  
  200  22:10  Factory  
  200  22:24  Sensor Tower, Orbital Command  
  200  22:49  Sensor Tower  
  185  23:01  Thor x2  
  173  23:07  Raven x2  
  165  23:15  Terran Vehicle Weapons Level 2  
  125  23:32  Marine  
  125  23:33  Marine x2  
  116  23:44  Thor x2  
  128  23:50  Marine x3, Raven x2  
  127  24:08  Marine x3  
  101  24:25  Factory Tech Lab  
  101  24:26  Marine x3  
  101  24:27  Thor x2  
  115  24:33  Banshee x2  
  121  24:44  Marine x3  
  115  25:01  Marine  
  115  25:02  Marine x2  
  118  25:10  Thor x2  
  130  25:15  SCV, Banshee  
  130  25:16  Banshee  
  130  25:19  Marine x3  
  140  25:27  Viking x2, SCV  
  145  25:37  Marine  
  145  25:39  SCV  
  141  25:51  SCV  
  141  25:52  Thor  
  141  25:53  Thor  
  154  25:57  Viking x2  
  154  25:58  Banshee  
  154  25:59  Viking  
  154  26:03  SCV  
  162  26:27  Viking x2  
  162  26:28  Viking  
  168  26:35  Thor  
  168  26:36  Thor  
  180  26:41  Viking  
  182  26:54  Orbital Command  
  182  27:02  Marine x3  
  182  27:07  Medivac x2  
  189  27:09  Viking  
  189  27:11  Viking  
  193  27:18  Thor  
  193  27:20  Marine  
  200  27:53  Command Center  
  186  29:31  Thor x3  
  195  30:04  Planetary Fortress  
  195  30:09  Refinery  
  195  30:13  Refinery  
  195  30:18  Refinery  
  195  30:22  Refinery  
  195  30:48  Command Center  
  194  31:26  Viking x2  
  194  31:27  Viking  
  197  32:54  Planetary Fortress  
  197  33:01  Missile Turret  
  197  33:21  Missile Turret  
  197  34:44  Missile Turret  
  197  34:57  Refinery  
  197  35:01  Refinery  
  197  35:03  Missile Turret  
Tags
 
Add a new tag
Caveats
  • Supply blocks, unpowered buildings, or Contaminate may cause inaccurate times.
  • Supply counts are checked every 10 seconds.